 Dungeon Crawl Stone Soup version 0.28.0-43-g3370ac3207 (webtiles) character file.

Game seed: 7214314050221537799

42 Ablot the Grasshopper (level 3, -2/31 HPs)
             Began as a Gnoll Warper on Mar 17, 2022.
             Slain by Jessica
             ... wielding a +4 club
              (5 damage)
             ... on level 2 of the Dungeon on Mar 18, 2022.
             The game lasted 00:01:45 (1226 turns).

Ablot the Grasshopper (Gnoll Warper)                Turns: 1226, Time: 00:01:45

Health: -2/31      AC:  4    Str: 12    XL:     3   Next: 54%
Magic:  9/9        EV: 16    Int: 12    God:
Gold:   56         SH:  0    Dex: 11    Spells: 10/12 levels left

rFire   . . .      SeeInvis .   a - +0 spear
rCold   . . .      Faith    .   (no shield)
rNeg    . . .      Spirit   .   b - +0 leather armour
rPois   .          Reflect  .   (no helmet)
rElec   .          Harm     .   (no cloak)
rCorr   .          Rampage  .   (no gloves)
Will    +....                   m - +0 pair of boots
Stlth   +.........              (no amulet)
HPRegen 0.10/turn               q - ring of willpower
MPRegen 0.11/turn               r - +4 ring of evasion

@: no status effects
A: fangs 1, strong nose, distributed training
a: no special abilities


You were on level 2 of the Dungeon.
You visited 1 branch of the dungeon, and saw 2 of its levels.

You collected 56 gold pieces.

Inventory:

Hand Weapons
 a - a +0 spear (weapon)
Missiles
 d - 5 boomerangs of dispersal (quivered)
 e - 42 sling bullets
 f - 40 stones
 h - 20 bolts
 j - 16 arrows
 l - 3 poisoned darts
Armour
 b - a +0 leather armour (worn)
 m - a +0 pair of boots (worn)
Magical Staves
 k - a staff of cold
 o - a staff of fire
Jewellery
 g - a ring of fire
 q - a ring of willpower (left hand)
 r - a +4 ring of evasion (right hand)
Scrolls
 c - a scroll of blinking
Potions
 i - a potion of attraction {unknown}
 n - a potion of ambrosia {unknown}
 p - a potion of flight {unknown}


   Skills:
 + Level 4.5 Fighting
 + Level 0.8 Short Blades
 + Level 0.8 Long Blades
 + Level 0.8 Axes
 + Level 0.8 Maces & Flails
 + Level 4.5 Polearms
 + Level 0.8 Staves
 + Level 0.8 Slings
 + Level 0.8 Bows
 + Level 0.8 Crossbows
 + Level 2.6 Throwing
 + Level 2.6 Armour
 + Level 4.5 Dodging
 + Level 0.8 Stealth
 + Level 0.8 Shields
 + Level 0.8 Unarmed Combat
 + Level 5.0 Spellcasting
 + Level 0.5 Conjurations
 + Level 0.5 Hexes
 + Level 0.5 Summonings
 + Level 0.5 Necromancy
 + Level 5.4 Translocations
 + Level 0.5 Transmutations
 + Level 0.5 Fire Magic
 + Level 0.5 Ice Magic
 + Level 0.5 Air Magic
 + Level 0.5 Earth Magic
 + Level 0.5 Poison Magic
 + Level 1.0 Invocations
 + Level 0.8 Evocations


You had 10 spell levels left.
You knew the following spells:

 Your Spells              Type           Power      Damage    Failure   Level
a - Blink                 Tloc           32%        N/A       4%          2

Your spell library contained the following spells:

 Spells                   Type           Power      Damage    Failure   Level
 Gell's Gravitas          Tloc           16%        N/A       9%          3
 Lesser Beckoning         Tloc           16%        N/A       9%          3
 Teleport Other           Tloc           16%        N/A       9%          3
 Manifold Assault         Tloc           16%        N/A       58%         5


Dungeon Overview and Level Annotations

Branches:
Dungeon (2/15)

Altars:

Annotations:
D:2 Jessica


Innate Abilities, Weirdness & Mutations

You have very sharp teeth.
Your uncanny sense of smell can sniff out nearby items.
Your experience applies equally to all skills.


Message History

You kill the orc!
No target in view!
No target in view!
No target in view!
Things that are here:
a +0 mace; a +0 chain mail; an orc corpse
There is a stone staircase leading down here.
r - a +4 ring of evasion
r - a +4 ring of evasion (right hand) Jessica the Apprentice Sorceress comes into view.
She is wielding a +4 club and wearing a +1 robe of willpower.
Found 16 gold pieces.
Jessica gestures wildly.
Jessica drinks a potion.
Jessica flickers and vanishes!
Deactivating autopickup; reactivate with Ctrl-A.
No target in view!
No target in view!
Something tries to affect you, but you resist.
An endoplasm comes into view.
The endoplasm quivers.
The endoplasm jiggles.
The endoplasm misses you.
You hit the endoplasm.
You bite the endoplasm, but do no damage.
The endoplasm is heavily wounded.
The endoplasm freezes you.
You are frozen.
You hit the endoplasm.
You kill the endoplasm!
You closely miss something. You barely miss something.
You hear some strange, mumbled words.
Something hits you.
You miss something.
You hear some strange, mumbled words.
Pain shoots through your body!
You closely miss something. Something hits you!
You miss something. Something hits you!
* * * LOW HITPOINT WARNING * * *
You miss something. Something hits you.
You die...

# ########### .
..........# ...
..........##########....
>.......................
...............{@.......
..........##########....
................... #
...................
...................
...................
...........{.......
.............$.....
..########.........


There were no monsters in sight!

Vanquished Creatures
  An adder (D:2)
  An orc (D:2)
  5 ball pythons
  An endoplasm (D:2)
  5 giant cockroaches (D:1)
  4 goblins
  A hobgoblin (D:1)
  A quokka (D:1)
  4 bats
  2 frilled lizards (D:1)
  A kobold (D:2)
  3 rats
29 creatures vanquished.

Notes
Turn   | Place    | Note
-------+----------+-------------------------------------------
     0 | D:1      | Ablot the Gnoll Warper began the quest for the Orb.
     0 | D:1      | Reached XP level 1. HP: 20/20 MP: 6/6
   209 | D:1      | Reached XP level 2. HP: 25/26 MP: 7/7
   339 | D:1      | Learned a level 2 spell: Blink
   843 | D:2      | Found a faded altar of an unknown god.
   852 | D:2      | Reached XP level 3. HP: 30/31 MP: 9/9
   853 | D:2      | Reached skill level 5 in Spellcasting
  1033 | D:2      | Reached skill level 1 in Invocations
  1197 | D:2      | Noticed Jessica
  1226 | D:2      | Slain by Jessica

Illustrated notes

Levels and vault maps discovered:
D:1:      minmay_arrival_arboretum_small, layout_loops_ring, minmay_pentomino_x4
D:2:      layout_basic, basic_altar, shapermc_ecumenical_altar_mp_highgroup,
          wander_ebering_terrifying_dragon_lair, uniq_jessica

Skill      XL: |  1  2  3 |
---------------+----------+-----
Spellcasting   | 5 |  5.0
Invocations    | 1 |  1.0
Fighting       | |  4.5
Short Blades   | |  0.8
Long Blades    | |  0.8
Axes           | |  0.8
Maces & Flails | |  0.8
Polearms       | |  4.5
Staves         | |  0.8
Slings         | |  0.8
Bows           | |  0.8
Crossbows      | |  0.8
Throwing       | |  2.6
Armour         | |  2.6
Dodging        | |  4.5
Stealth        | |  0.8
Shields        | |  0.8
Unarmed Combat | |  0.8
Conjurations   | |  0.5
Hexes          | |  0.5
Summonings     | |  0.5
Necromancy     | |  0.5
Translocations | |  5.4
Transmutations | |  0.5
Fire Magic     | |  0.5
Ice Magic      | |  0.5
Air Magic      | |  0.5
Earth Magic    | |  0.5
Poison Magic   | |  0.5
Evocations     | |  0.8

Action                   || total
-------------------------++-------
Melee: Spear             ||   101
       Bite              ||     6
 Stab: Sleeping          ||     1
Armor: Leather armour    ||    22
Dodge: Dodged            ||    44
